TOP OF THE 1ST |
Altoona Curve batting - Pitching for Mississippi Braves : RHP Ryan DeMille
|
Pitching: RHP Ryan DeMille
|
|
Batting: LHB Phil DeCamp
|
0-0: Ball 1-0: Ball 2-0: Ball 3-0: Base on Balls
|
Batting: RHB Jose Almonte
|
0-0: Called Strike 0-1: Ball 1-1: Fielders Choice at 2nd, 6-4 (Groundball, 6S, EV 80.6 MPH)
|
Batting: LHB Nick Rooney
|
0-0: Fly out, F8 (Flyball, 78S, EV 92.5 MPH)
|
Batting: LHB Tomohiro Yokoyama
|
0-0: Foul Ball, location: 2F 0-1: Ball 1-1: Foul Ball, location: 2F 1-2: SINGLE (Groundball, 34, EV 107.5 MPH) Jose Almonte to second Runner from 2nd tries for 3rd, SAFE, throw by RF made to third Tomohiro Yokoyama to second
|
Batting: LHB Ruben Garza
|
0-0: Ball 1-0: Foul Ball, location: 2F 1-1: Ball 2-1: Fly out, F7 (Line Drive, 7S, EV 94.4 MPH)
|
Top of the 1st over - 0 runs, 1 hit, 0 errors, 2 left on base; Altoona 0 - Mississippi 0 |
BOTTOM OF THE 1ST |
Mississippi Braves batting - Pitching for Altoona Curve : RHP Joreão Zquete
|
Pitching: RHP Joreão Zquete
|
|
Batting: RHB Luis Restrepo
|
0-0: Called Strike 0-1: Foul Ball, location: 2F 0-2: Ball 1-2: Foul Ball, location: 2F 1-2: Ball 2-2: Ball 3-2: Base on Balls
|
Batting: RHB Hieronim Rutkowski
|
0-0: Called Strike 0-1: Called Strike 0-2: Grounds into double play, 6-4-3 (Groundball, 6S, EV 79.4 MPH)
|
Batting: LHB Art D'Ascenzo
|
0-0: Fly out, F5 (Line Drive, 5, EV 71.9 MPH)
|
Bottom of the 1st over - 0 runs, 0 hits, 0 errors, 0 left on base; Altoona 0 - Mississippi 0 |
TOP OF THE 2ND |
Altoona Curve batting - Pitching for Mississippi Braves : RHP Ryan DeMille
|
Batting: RHB Freddy Quintero
|
0-0: Ball 1-0: Ball 2-0: Called Strike 2-1: Foul Ball, location: 2F 2-2: Foul Ball, location: 2F 2-2: Foul Ball, location: 2F 2-2: Strikes out swinging
|
Batting: LHB Donald Imre
|
0-0: Ball 1-0: Foul Ball, location: 2F 1-1: Ball 2-1: Ball 3-1: Base on Balls
|
Batting: RHB Keiji Nakajima
|
0-0: Reached on error, E4 (Groundball, 34, EV 110.0 MPH) Donald Imre to second
|
Batting: RHB Pleun Smit
|
0-0: Ball 1-0: Ball 2-0: Called Strike 2-1: Called Strike 2-2: Foul Ball, location: 2F 2-2: Ground out 5-3 (Groundball, P, EV 88.8 MPH) Donald Imre to third Keiji Nakajima to second
|
Batting: LHB Phil DeCamp
|
0-0: Called Strike 0-1: Called Strike 0-2: Fly out, F7 (Line Drive, 7, EV 90.6 MPH)
|
Top of the 2nd over - 0 runs, 0 hits, 1 error, 2 left on base; Altoona 0 - Mississippi 0 |
BOTTOM OF THE 2ND |
Mississippi Braves batting - Pitching for Altoona Curve : RHP Joreão Zquete
|
Batting: RHB Tim Molchan
|
0-0: Called Strike 0-1: Foul Ball, location: 2F 0-2: Ball 1-2: Ball 2-2: Ball 3-2: Ground out 5-3 (Groundball, 56, EV 90.0 MPH)
|
Batting: LHB Sal Fernandez
|
0-0: SINGLE (Line Drive, 78S, EV 104.4 MPH)
|
Batting: RHB Jordan Martin
|
0-0: Fly out, F8 (Flyball, 8LXD, EV 105.0 MPH)
|
Batting: RHB Jose Ramos
|
0-0: Ball 1-0: Ball 2-0: Foul Ball, location: 2F 2-1: Ball 3-1: Called Strike 3-2: Foul Ball, location: 2F 3-2: Strikes out looking
|
Bottom of the 2nd over - 0 runs, 1 hit, 0 errors, 1 left on base; Altoona 0 - Mississippi 0 |
TOP OF THE 3RD |
Altoona Curve batting - Pitching for Mississippi Braves : RHP Ryan DeMille
|
Batting: RHB Jose Almonte
|
0-0: Foul Ball, location: 2F 0-1: Hit by Pitch
|
Batting: LHB Nick Rooney
|
0-0: Ball 1-0: Ball 2-0: Ball 3-0: Called Strike 3-1: Swinging Strike 3-2: Foul Ball, location: 2F 3-2: Foul Ball, location: 2F 3-2: Foul Ball, location: 2F 3-2: Foul Ball, location: 2F 3-2: Strikes out swinging Jose Almonte is caught stealing 2nd base 2-6 Batter strikes out.
|
Batting: LHB Tomohiro Yokoyama
|
0-0: SOLO HOME RUN (Flyball, 9LD, EV 94.4 MPH), Distance : 352 ft
|
Batting: LHB Ruben Garza
|
0-0: Fly out, F8 (Flyball, 78M, EV 96.2 MPH)
|
Top of the 3rd over - 1 run, 1 hit, 0 errors, 0 left on base; Altoona 1 - Mississippi 0 |
BOTTOM OF THE 3RD |
Mississippi Braves batting - Pitching for Altoona Curve : RHP Joreão Zquete
|
Batting: SHB Jose Melendez
|
0-0: Swinging Strike 0-1: Ball 1-1: SOLO HOME RUN (Flyball, 89XD, EV 106.9 MPH), Distance : 436 ft
|
Batting: RHB Adrian Billups
|
0-0: Called Strike 0-1: SINGLE (Line Drive, 6D, EV 98.8 MPH)
|
Batting: RHB Luis Restrepo
|
0-0: Ball 1-0: Ball Adrian Billups is caught stealing 2nd base 2-4 2-0: SINGLE (Line Drive, 6MD, EV 95.0 MPH)
|
Batting: RHB Hieronim Rutkowski
|
0-0: Called Strike 0-1: Ball 1-1: DOUBLE (Flyball, 89XD, EV 95.6 MPH) Luis Restrepo to third
|
Batting: LHB Art D'Ascenzo
|
0-0: Ball 1-0: Swinging Strike 1-1: Ball 2-1: Foul Ball, location: 2F 2-2: Foul Ball, location: 2F 2-2: Foul Ball, location: 2F 2-2: Foul Ball, location: 2F 2-2: Foul Ball, location: 2F 2-2: Foul Ball, location: 2F 2-2: Foul Ball, location: 2F 2-2: Fly out, F4 (Flyball, 34D, EV 90.6 MPH)
|
Batting: RHB Tim Molchan
|
0-0: Called Strike 0-1: Fly out, F4 (Popup, 34, EV 69.4 MPH)
|
Bottom of the 3rd over - 1 run, 4 hits, 0 errors, 2 left on base; Altoona 1 - Mississippi 1 |
TOP OF THE 4TH |
Altoona Curve batting - Pitching for Mississippi Braves : RHP Ryan DeMille
|
Batting: RHB Freddy Quintero
|
0-0: Ball 1-0: Ball 2-0: Called Strike 2-1: SOLO HOME RUN (Flyball, 7D, EV 99.4 MPH), Distance : 370 ft
|
Batting: LHB Donald Imre
|
0-0: Called Strike 0-1: Swinging Strike 0-2: Foul Ball, location: 2F 0-2: Ball 1-2: Strikes out swinging
|
Batting: RHB Keiji Nakajima
|
0-0: Ball 1-0: Called Strike 1-1: Ball 2-1: Called Strike 2-2: Foul Ball, location: 2F 2-2: Ball 3-2: Strikes out swinging
|
Batting: RHB Pleun Smit
|
0-0: Called Strike 0-1: Ball 1-1: Swinging Strike 1-2: Strikes out swinging
|
Top of the 4th over - 1 run, 1 hit, 0 errors, 0 left on base; Altoona 2 - Mississippi 1 |
BOTTOM OF THE 4TH |
Mississippi Braves batting - Pitching for Altoona Curve : RHP Joreão Zquete
|
Batting: LHB Sal Fernandez
|
0-0: Ball 1-0: Ball 2-0: Ball 3-0: Called Strike 3-1: Ground out 4-3 (Groundball, 4, EV 101.9 MPH)
|
Batting: RHB Jordan Martin
|
0-0: Foul Ball, location: 2F 0-1: Ground out 3-1 (Groundball, 34S, EV 88.8 MPH)
|
Batting: RHB Jose Ramos
|
0-0: Foul Ball, location: 2F 0-1: Ball 1-1: SINGLE (Groundball, 4D, EV 101.9 MPH)
|
Batting: SHB Jose Melendez
|
0-0: Called Strike 0-1: SINGLE (Line Drive, 56, EV 93.8 MPH) Jose Ramos to second
|
Batting: RHB Adrian Billups
|
0-0: Called Strike 0-1: Ground out U3 (Groundball, 34S, EV 85.0 MPH)
|
Bottom of the 4th over - 0 runs, 2 hits, 0 errors, 2 left on base; Altoona 2 - Mississippi 1 |
TOP OF THE 5TH |
Altoona Curve batting - Pitching for Mississippi Braves : RHP Ryan DeMille
|
Batting: LHB Phil DeCamp
|
0-0: Foul Ball, location: 2F 0-1: Called Strike 0-2: Ball 1-2: SINGLE (Groundball, 34D, EV 105.0 MPH)
|
Batting: RHB Jose Almonte
|
0-0: Called Strike 0-1: Hit by Pitch Phil DeCamp to second
|
Batting: LHB Nick Rooney
|
0-0: Foul Ball, location: 2F 0-1: Called Strike 0-2: Ball 1-2: Ball 2-2: Ball 3-2: Strikes out looking
|
Batting: LHB Tomohiro Yokoyama
|
0-0: Foul Ball, location: 2F 0-1: Called Strike 0-2: Ball 1-2: Ball 2-2: Ball 3-2: Base on Balls Phil DeCamp to third Jose Almonte to second
|
Batting: LHB Ruben Garza
|
0-0: Ball 1-0: Foul Ball, location: 2F 1-1: Fly out, F7 (Flyball, 78M, EV 88.1 MPH) Runner from 3rd tags up, SCORES, no throw by LF
|
Batting: RHB Freddy Quintero
|
0-0: Ball 1-0: Ground out 1-3 (Groundball, 13S, EV 70.0 MPH)
|
Top of the 5th over - 1 run, 1 hit, 0 errors, 2 left on base; Altoona 3 - Mississippi 1 |
BOTTOM OF THE 5TH |
Mississippi Braves batting - Pitching for Altoona Curve : RHP Joreão Zquete
|
Batting: RHB Luis Restrepo
|
0-0: Called Strike 0-1: Foul Ball, location: 2F 0-2: Strikes out swinging
|
Batting: RHB Hieronim Rutkowski
|
0-0: Ball 1-0: Ball 2-0: Called Strike 2-1: Ball 3-1: Base on Balls
|
Batting: LHB Art D'Ascenzo
|
0-0: Foul Ball, location: 2F 0-1: Fielders Choice at 2nd, 4-6 (Groundball, 4M, EV 108.1 MPH)
|
Batting: RHB Tim Molchan
|
0-0: Called Strike 0-1: Swinging Strike 0-2: Foul Ball, location: 2F 0-2: Strikes out swinging
|
Bottom of the 5th over - 0 runs, 0 hits, 0 errors, 1 left on base; Altoona 3 - Mississippi 1 |
TOP OF THE 6TH |
Altoona Curve batting - Pitching for Mississippi Braves : RHP Ryan DeMille
|
Pitching: RHP Carlos Esquivel
|
|
Batting: LHB Donald Imre
|
0-0: Ball 1-0: Ball 2-0: Ball 3-0: Called Strike 3-1: Base on Balls
|
Batting: RHB Keiji Nakajima
|
0-0: Ball 1-0: Called Strike 1-1: Foul Ball, location: 2F 1-2: Ball 2-2: Foul Ball, location: 2F 2-2: Ball 3-2: Foul Ball, location: 2F 3-2: Foul Ball, location: 2F 3-2: Base on Balls Donald Imre to second
|
Batting: RHB Pleun Smit
|
0-0: Fly out, F8 (Flyball, 8RM, EV 81.2 MPH)
|
Batting: LHB Phil DeCamp
|
0-0: Ball 1-0: Called Strike 1-1: Fly out, F7 (Flyball, 7, EV 88.1 MPH)
|
Pitching: RHP Frank Diaz
|
|
Batting: RHB Jose Almonte
|
0-0: Foul Ball, location: 2F 0-1: Ball 1-1: Called Strike 1-2: Strikes out swinging
|
Top of the 6th over - 0 runs, 0 hits, 0 errors, 2 left on base; Altoona 3 - Mississippi 1 |
BOTTOM OF THE 6TH |
Mississippi Braves batting - Pitching for Altoona Curve : RHP Joreão Zquete
|
Batting: LHB Sal Fernandez
|
0-0: Ground out 4-3 (Groundball, 4S, EV 69.4 MPH)
|
Batting: RHB Jordan Martin
|
0-0: Called Strike 0-1: Foul Ball, location: 2F 0-2: Strikes out swinging
|
Batting: RHB Jose Ramos
|
0-0: Called Strike 0-1: Ball 1-1: Foul Ball, location: 2F 1-2: Ball 2-2: Ball 3-2: Foul Ball, location: 2F 3-2: Foul Ball, location: 2F 3-2: Fly out, F8 (Line Drive, 89D, EV 101.9 MPH)
|
Bottom of the 6th over - 0 runs, 0 hits, 0 errors, 0 left on base; Altoona 3 - Mississippi 1 |
TOP OF THE 7TH |
Altoona Curve batting - Pitching for Mississippi Braves : RHP Frank Diaz
|
Batting: LHB Nick Rooney
|
0-0: Ball 1-0: Called Strike 1-1: Ball 2-1: Ball 3-1: Ground out 4-3 (Groundball, 4, EV 83.8 MPH)
|
Batting: LHB Tomohiro Yokoyama
|
0-0: Called Strike 0-1: Ball 1-1: Ground out 4-3 (Groundball, 4, EV 79.4 MPH)
|
Batting: LHB Ruben Garza
|
0-0: Ball 1-0: Swinging Strike 1-1: Ground out U3 (Groundball, 3S, EV 78.8 MPH)
|
Top of the 7th over - 0 runs, 0 hits, 0 errors, 0 left on base; Altoona 3 - Mississippi 1 |
BOTTOM OF THE 7TH |
Mississippi Braves batting - Pitching for Altoona Curve : RHP Joreão Zquete
|
Batting: SHB Jose Melendez
|
0-0: Ground out 6-3 (Groundball, 6, EV 94.4 MPH)
|
Pinch Hitting: RHB Zheng-ze King
|
0-0: Called Strike 0-1: Foul Ball, location: 2F 0-2: Ball 1-2: Foul Ball, location: 2F 1-2: Fly out, F8 (Line Drive, 8RM, EV 98.1 MPH)
|
Batting: RHB Luis Restrepo
|
0-0: Ball 1-0: Called Strike 1-1: Ball 2-1: Swinging Strike 2-2: Ball 3-2: SOLO HOME RUN (Flyball, 7D, EV 101.9 MPH), Distance : 375 ft
|
Batting: RHB Hieronim Rutkowski
|
0-0: DOUBLE (Line Drive, 89XD, EV 111.9 MPH)
|
Batting: LHB Art D'Ascenzo
|
0-0: Ball 1-0: Ball 2-0: Ball 3-0: Base on Balls
|
Pitching: RHP Nelson Villalva
|
|
Batting: RHB Tim Molchan
|
0-0: Called Strike 0-1: DOUBLE (Line Drive, 89M, EV 92.5 MPH) Hieronim Rutkowski scores Art D'Ascenzo to third Runner from 3rd tries for Home, SAFE, no throw by CF
|
Batting: LHB Sal Fernandez
|
0-0: Foul Ball, location: 2F 0-1: Fly out, F8 (Flyball, 8RXD, EV 88.8 MPH)
|
Bottom of the 7th over - 3 runs, 3 hits, 0 errors, 1 left on base; Altoona 3 - Mississippi 4 |
TOP OF THE 8TH |
Altoona Curve batting - Pitching for Mississippi Braves : RHP Frank Diaz
|
Pitching: RHP Gordon Cushing
|
|
Now at 1B: Hieronim Rutkowski
|
|
Now at 2B: Justin Reich
|
|
Now at 3B: Zheng-ze King
|
|
Now at SS: Ingidayehu Lagat
|
|
Batting: RHB Freddy Quintero
|
0-0: Called Strike 0-1: Foul Ball, location: 2F 0-2: Ball 1-2: Strikes out swinging
|
Batting: LHB Donald Imre
|
0-0: Called Strike 0-1: Ball 1-1: Ball 2-1: Ball 3-1: DOUBLE (Flyball, 8RXD, EV 94.4 MPH)
|
Batting: RHB Keiji Nakajima
|
0-0: Foul Ball, location: 2F 0-1: Swinging Strike 0-2: Foul Ball, location: 2F 0-2: Ball 1-2: Ball 2-2: Strikes out swinging
|
Batting: RHB Pleun Smit
|
0-0: Ball 1-0: Ball 2-0: Foul Ball, location: 2F 2-1: Swinging Strike 2-2: Ball 3-2: SINGLE (Groundball, 4MD, EV 103.1 MPH) Donald Imre to third Runner from 3rd tries for Home, SAFE, throw by CF to home
|
Batting: LHB Phil DeCamp
|
0-0: Swinging Strike 0-1: Called Strike 0-2: Reached on error, E5 (Groundball, 6, EV 80.6 MPH) Pleun Smit to second
|
Batting: RHB Jose Almonte
|
0-0: Ball 1-0: Swinging Strike 1-1: Ball 2-1: Ground out 3-1 (Groundball, 34S, EV 86.9 MPH)
|
Top of the 8th over - 1 run, 2 hits, 1 error, 2 left on base; Altoona 4 - Mississippi 4 |
BOTTOM OF THE 8TH |
Mississippi Braves batting - Pitching for Altoona Curve : RHP Nelson Villalva
|
Batting: LHB Cesar Arteaga
|
0-0: Ball 1-0: Ground out 4-3 (Groundball, 34D, EV 103.8 MPH)
|
Batting: RHB Justin Reich
|
0-0: Called Strike 0-1: Ball 1-1: Ball 2-1: Ground out 2-3 (Groundball, 15S, EV 73.1 MPH)
|
Batting: SHB Jose Melendez
|
0-0: Called Strike 0-1: SINGLE (Line Drive, 9LS, EV 96.9 MPH)
|
Batting: RHB Zheng-ze King
|
0-0: Ball 1-0: Called Strike Jose Melendez steals 2nd base (no throw) 1-1: Swinging Strike 1-2: Ball 2-2: Ball 3-2: SINGLE (Groundball, 4MD, EV 109.4 MPH) Jose Melendez to third Runner from 3rd tries for Home, SAFE, throw by CF to home
|
Batting: RHB Ingidayehu Lagat
|
0-0: Ball Zheng-ze King steals 2nd base 1-0: Swinging Strike 1-1: Foul Ball, location: 2F 1-2: Strikes out swinging
|
Bottom of the 8th over - 1 run, 2 hits, 0 errors, 1 left on base; Altoona 4 - Mississippi 5 |
TOP OF THE 9TH |
Altoona Curve batting - Pitching for Mississippi Braves : RHP Gordon Cushing
|
Pitching: RHP Damian Molina
|
|
Batting: LHB Nick Rooney
|
0-0: Ball 1-0: Called Strike 1-1: Fly out, F9 (Flyball, 89D, EV 76.9 MPH)
|
Batting: LHB Tomohiro Yokoyama
|
0-0: Ball 1-0: SOLO HOME RUN (Flyball, 78XD, EV 105.0 MPH), Distance : 411 ft
|
Batting: LHB Ruben Garza
|
0-0: Called Strike 0-1: Ball 1-1: Called Strike 1-2: Strikes out swinging
|
Batting: RHB Freddy Quintero
|
0-0: Called Strike 0-1: Ball 1-1: SINGLE (Groundball, 6MD, EV 96.2 MPH)
|
Batting: LHB Donald Imre
|
0-0: Called Strike 0-1: Called Strike 0-2: Strikes out swinging
|
Top of the 9th over - 1 run, 2 hits, 0 errors, 1 left on base; Altoona 5 - Mississippi 5 |
BOTTOM OF THE 9TH |
Mississippi Braves batting - Pitching for Altoona Curve : RHP Nelson Villalva
|
Pitching: LHP Mario Flores
|
|
Batting: RHB Hieronim Rutkowski
|
0-0: Ball 1-0: Called Strike 1-1: Ball 2-1: Ball 3-1: Swinging Strike 3-2: Foul Ball, location: 2F 3-2: Base on Balls
|
Batting: LHB Art D'Ascenzo
|
0-0: SINGLE (Groundball, 34D, EV 110.6 MPH) Hieronim Rutkowski to second Runner from 2nd tries for 3rd, SAFE, throw by RF made to third
|
Batting: RHB Tim Molchan
|
0-0: Foul Ball, location: 2F 0-1: SINGLE (Groundball, P, EV 93.8 MPH) (infield hit) Hieronim Rutkowski scores
|
Bottom of the 9th over - 1 run, 2 hits, 0 errors, 1 left on base; Altoona 5 - Mississippi 6 |
|